 Dungeon Crawl Stone Soup version 0.20.0-10-g0535bb4 (webtiles) character file.

1540 anfisbena the Ruffian (level 8, -10/84 HPs)
             Began as a Troll Fighter on June 3, 2017.
             Was an Initiate of Ru.
             Mangled by a slime creature (16 damage)
             ... on level 5 of the Dungeon.
             The game lasted 00:03:47 (3393 turns).

anfisbena the Ruffian (Troll Fighter)               Turns: 3393, Time: 00:03:48

Health: -10/84     AC:  6    Str: 25    XL:     8   Next: 56%
Magic:  7/7        EV:  8    Int:  7    God:    Ru [......]
Gold:   235        SH:  9    Dex: 11    Spells: 7/7 levels left

rFire    + . .     SeeInvis .     - Unarmed
rCold    x . .     Gourm    +   b - +0 shield
rNeg     . . .     Faith    .   a - +0 robe
rPois    .         Spirit   .   (helmet restricted)
rElec    .         Reflect  .   o - +0 cloak
rCorr    .         Harm     .   (gloves unavailable)
MR       .....                  (boots unavailable)
Stlth    +.........             (no amulet)
Regen    0.7/turn               w - ring of fire
MPRegen  0.1/turn               p - +3 ring of intelligence

@: no status effects
A: unfitting armour, claws 3, fast metabolism 3, gourmand, regeneration 1,
shaggy fur 1, tough skin 2
a: Renounce Religion


You were on level 5 of the Dungeon.
You worshipped Ru.
Ru was noncommittal.
You were very full.

You visited 2 branches of the dungeon, and saw 6 of its levels.

You collected 235 gold pieces.

Inventory:

Missiles
 y - 3 large rocks (quivered)
Armour
 a - a +0 robe (worn)
 b - a +0 shield (worn)
 o - a +0 cloak (worn)
Jewellery
 p - a +3 ring of intelligence (right claw)
 w - a ring of fire (left claw)
 A - an uncursed ring of positive energy {unknown}
 C - a +3 amulet of reflection {unknown}
 D - an uncursed ring of see invisible {unknown}
Scrolls
 e - 5 scrolls of identify {unknown}
 f - a scroll of fog {unknown}
 h - 2 scrolls of recharging {unknown}
 i - a scroll of remove curse {unknown}
 j - a scroll of enchant weapon {unknown}
 l - a scroll of fear {unknown}
 t - 3 scrolls of teleportation {unknown}
 u - a scroll of random uselessness {unknown}
 v - 3 scrolls of immolation {unknown}
Potions
 c - a potion of might
 g - a potion of mutation {unknown}
 k - a potion of experience {unknown}
 m - 3 potions of heal wounds {unknown}
 n - a potion of invisibility {unknown}
 q - 2 potions of curing {unknown}
 s - a potion of lignification {unknown}
 x - a potion of berserk rage {unknown}
 B - a potion of flight {unknown}
Comestibles
 d - 4 bread rations
 z - a meat ration


   Skills:
 + Level 6.8 Fighting
 - Level 2.4 Dodging
 - Level 2.4 Shields
 + Level 7.9 Unarmed Combat


You had 7 spell levels left.
You didn't know any spells.

Dungeon Overview and Level Annotations

Branches:
Dungeon (5/15)             Temple (1/1) D:5

Altars:
Ashenzari
Cheibriados
Dithmenos
Elyvilon
Fedhas
Gozag
Hepliaklqana
Kikubaaqudgha
Makhleb
Nemelex Xobeh
Qazlal
Ru
Sif Muna
Uskayaw
Vehumet
Zin
The Shining One


Innate Abilities, Weirdness & Mutations

You are too large for most types of armour.
You have claws for hands.
Your metabolism is lightning-fast.
You like to eat raw meat.
Your natural rate of healing is unusually fast.
You are covered in fur. (AC +1)
You have very tough skin. (AC +2)


Message History

The slime creature is almost dead.
The slime creature hits you.
You scratch the slime creature.
The slime creature is almost dead.
You block the slime creature's attack. The slime creature hits you!
* * * LOW HITPOINT WARNING * * *
You claw the slime creature!
You kill the slime creature!
The slime creature hits you!
* * * LOW HITPOINT WARNING * * *
You scratch the slime creature.
The slime creature is lightly wounded.
The slime creature hits you!
* * * LOW HITPOINT WARNING * * *
You claw the slime creature!
The slime creature is moderately wounded.
The slime creature hits you!
* * * LOW HITPOINT WARNING * * *
The slime creature hits you!
You die...

#.........###....#J#J#
#.###.##..#########.##
#.##...##########
#.##..###....#########
#.##..# ##[...........
.#.#.....# ####.....###.
...........# #....####.
)#.#.#####J# #.#.####..
... #@# #.#.# #.## #.# #.#
#.#.###.#
#.#######.#######....(..##
# ........................
########################


You could see a slime creature.

Vanquished Creatures
  Grinder (D:4)
  A slime creature (D:5)
  The ghost of maniacrov the Firebug, an amateur HOFE (D:3)
  Menkaure (D:4)
  An orc warrior (D:4)
  3 ogres (D:4)
  2 big kobolds (D:5)
  A scorpion (D:4)
  2 hounds (D:4)
  An orc priest (D:4)
  2 orc wizards (D:4)
  A bullfrog skeleton (D:4)
  Jessica (D:5)
  A worker ant (D:4)
  9 adders
  2 oozes (D:5)
  3 worms
  A dart slug (D:1)
  2 leopard geckos (D:3)
  12 orcs
  5 giant cockroaches
  7 goblins
  3 hobgoblins
  A quokka (D:3)
  4 bats
  4 frilled lizards
  13 kobolds
  A quokka skeleton (D:4)
  9 rats
95 creatures vanquished.

Vanquished Creatures (others)
  11 fungi (D:5)
  7 toadstools (D:5)
18 creatures vanquished.

Grand Total: 113 creatures vanquished

Notes
Turn   | Place    | Note
-------+----------+-------------------------------------------
     0 | D:1      | anfisbena the Troll Fighter began the quest for the Orb.
     0 | D:1      | Reached XP level 1. HP: 22/22 MP: 0/0
   289 | D:1      | Reached XP level 2. HP: 26/29 MP: 1/1
   763 | D:2      | Reached XP level 3. HP: 37/37 MP: 2/2
   925 | D:2      | Reached skill level 3 in Unarmed Combat
  1203 | D:3      | Reached XP level 4. HP: 44/45 MP: 3/3
  1243 | D:3      | Found a blossoming altar of Fedhas.
  1250 | D:3      | Noticed maniacrov's ghost (amateur HOFE)
  1288 | D:3      | Killed maniacrov's ghost
  1288 | D:3      | Reached skill level 4 in Unarmed Combat
  1288 | D:3      | Reached XP level 5. HP: 38/54 MP: 4/4
  1714 | D:4      | Reached XP level 6. HP: 60/63 MP: 5/5
  1750 | D:4      | Reached skill level 5 in Unarmed Combat
  1938 | D:4      | Noticed an orc warrior
  1950 | D:4      | Killed an orc warrior
  1955 | D:4      | Reached skill level 5 in Fighting
  1995 | D:4      | Noticed Grinder
  1997 | D:4      | Paralysed by Grinder for 3 turns
  2010 | D:4      | Killed Grinder
  2010 | D:4      | Reached XP level 7. HP: 64/72 MP: 6/6
  2067 | D:4      | Reached skill level 6 in Unarmed Combat
  2134 | D:4      | Noticed Menkaure
  2142 | D:4      | Killed Menkaure
  2390 | D:4      | Reached XP level 8. HP: 82/83 MP: 7/7
  2577 | D:4      | Reached skill level 7 in Unarmed Combat
  2783 | D:5      | Entered Level 5 of the Dungeon
  2783 | D:5      | Found a staircase to the Ecumenical Temple.
  2804 | Temple   | Entered the Ecumenical Temple
  2884 | Temple   | Became a worshipper of Ru the Awakened
  3047 | D:5      | Noticed Jessica
  3055 | D:5      | Found a deep blue altar of Sif Muna.
  3062 | D:5      | Killed Jessica
  3333 | D:5      | Noticed a slime creature
  3335 | D:5      | Noticed a slime creature
  3337 | D:5      | Noticed a slime creature
  3385 | D:5      | Killed a slime creature
  3387 | D:5      | HP: 2/84 [slime creature (16)]
  3393 | D:5      | Mangled by a slime creature

Skill      XL: |  1  2  3  4  5  6  7  8 |
---------------+-------------------------+-----
Fighting       | 3 4 5 6 |  6.8
Unarmed Combat | 3 4 5 6 7 |  7.9
Dodging        | |  2.4
Shields        | |  2.4

Action                   |  1- 3 |  4- 6 |  7- 9 || total
-------------------------+-------+-------+-------++-------
Melee: Unarmed           |    94 |   114 |   122 ||   330
 Stab: Sleeping          |       |       |     1 ||     1
  Eat: Chunk             |    17 |     7 |    12 ||    36
Armor: Robe              |    22 |    24 |    33 ||    79
Dodge: Dodged            |    23 |    29 |    30 ||    82
Block: Shield            |    32 |    45 |    53 ||   130
